 Dungeon Crawl Stone Soup version 0.27-a0-1202-ge72e49191c (webtiles) character file.

Game seed: 7148272996459807225

11885 Glokmah the Frost Mage (level 11, -14/92 HPs)
             Began as a Black Draconian Ice Elementalist on June 4, 2021.
             Was an Elder of Sif Muna.
             Hit by a large rock thrown by a cyclops (28 damage)
             ... on level 11 of the Dungeon.
             The game lasted 00:36:01 (16869 turns).

Glokmah the Frost Mage (DrIE)                      Turns: 16869, Time: 00:36:03

Health: -14/92     AC: 20    Str: 11    XL:     11   Next: 55%
Magic:  0/18       EV: 12    Int: 18    God:    Sif Muna [****..]
Gold:   653        SH:  0    Dex: 12    Spells: 9/20 levels left

rFire    x . .     SeeInvis +   b - +5 spear (vorpal)
rCold    + . .     Faith    .   (no shield)
rNeg     . . .     Spirit   .   (armour unavailable)
rPois    .         Reflect  .   G - +2 hat {SInv}
rElec    +         Harm     .   A - +0 cloak
rCorr    .         Rampage  .   I - +0 pair of gloves
Will     .....                  (no boots)
Stlth    ++........             (no amulet)
HPRegen  0.25/turn              j - ring of ice
MPRegen  0.16/turn              (no ring)

@: ice-armoured, freezing walls, very slightly contaminated
A: breathe lightning, AC +7, unfitting armour, electricity resistance,
cold-blooded
a: Breathe Lightning, Renounce Religion, Channel Magic, Forget Spell, Divine
Exegesis


You were on level 11 of the Dungeon.
You worshipped Sif Muna.
Sif Muna was greatly pleased with you.
You visited 2 branches of the dungeon, and saw 12 of its levels.
You also visited: Sewer.

You collected 653 gold pieces.

Inventory:

Hand Weapons
 b - a +5 vorpal spear (weapon)
 c - a +1 spear of venom
 E - a +0 dagger
Missiles
 r - 2 boomerangs
 t - 55 poisoned darts
 w - 2 atropa-tipped darts
 B - 3 boomerangs of dispersal
 K - 2 throwing nets
Armour
 i - a +2 kite shield
 A - a +0 cloak (worn)
 G - a +2 hat of see invisible (worn)
 I - a +0 pair of gloves (worn)
Magical Staves
 a - a staff of cold
 d - a staff of earth
Jewellery
 j - a ring of ice (left hand)
Wands
 u - a wand of paralysis (17)
 z - a wand of iceblast (10)
 C - a wand of charming (9)
 F - a wand of acid (4)
 M - a wand of flame (15)
Scrolls
 e - 7 scrolls of immolation
 k - a scroll of magic mapping
 p - 2 scrolls of fear
 q - a scroll of holy word
 s - 2 scrolls of amnesia
 y - 6 scrolls of teleportation
 L - 4 scrolls of identify
Potions
 f - a potion of invisibility
 g - 2 potions of haste {unknown}
 h - a potion of attraction {unknown}
 l - 4 potions of heal wounds
 m - 7 potions of curing
 n - a potion of degeneration {unknown}
 o - 2 potions of might
 v - 6 potions of ambrosia
 x - 2 potions of flight
 D - a potion of mutation {unknown}
 H - a potion of magic {unknown}


   Skills:
 + Level 7.3 Fighting
 - Level 1.7 Dodging
 + Level 3.0 Stealth
 * Level 9.7 Shields
 - Level 5.0 Spellcasting
 - Level 6.0 Conjurations
 * Level 10.7 Ice Magic
 * Level 6.3 Invocations


You had 9 spell levels left.
You knew the following spells:

 Your Spells              Type           Power      Damage    Failure   Level
a - Freeze                Ice            100%       1d11      1%          1
b - Frozen Ramparts       Ice            100%       1d12      1%          3
c - Ozocubu's Armour      Ice            60%        N/A       1%          3
d - Hailstorm             Conj/Ice       51%        3d11      4%          4

Your spell library contained the following spells:

 Spells                   Type           Power      Damage    Failure   Level
 Animate Skeleton         Necr           8%         N/A       13%         1
 Apportation              Tloc           8%         N/A       13%         1
 Corona                   Hex            4%         N/A       13%         1
 Sting                    Tmut/Pois      16%        1d3       13%         1
 Summon Small Mammal      Summ           16%        N/A       13%         1
 Mephitic Cloud           Conj/Pois/Air  11%        N/A       17%         3
 Poisonous Vapours        Pois/Air       8%         N/A       21%         2
 Ignite Poison            Fire/Tmut/Pois 4%         N/A       36%         3
 Metabolic Englaciation   Hex/Ice        17%        N/A       38%         5
 Olgreb's Toxic Radiance  Pois           4%         N/A       78%         4


Dungeon Overview and Level Annotations

Branches:
Dungeon (11/15)            Temple (1/1) D:4            Lair (0/6) D:11
    Orc (0/2) D:9           Sewer (visited)

Altars:
Cheibriados
Dithmenos
Elyvilon
Sif Muna
Trog
Vehumet
Wu Jian
Yredelemnul
Zin
Beogh

Shops:
D:1 (

Portals:
Ice
Cave: D:11


Innate Abilities, Weirdness & Mutations

You can breathe wild blasts of lightning.
Your glossy black scales are hard. (AC +7)
You cannot fit into any form of body armour.
You are resistant to electric shocks. (rElec)
You are cold-blooded and may be slowed by cold attacks.


Message History

The centaur shoots an arrow.
The arrow barely misses you.
The kobold brigand hits you but does no damage.
Unknown command.
Casting: Hailstorm (dangerous; 4% risk of failure)
Confirm with . or Enter, or press ? or * to list all spells.
Casting: Frozen Ramparts (safe; 1% risk of failure)
Press: ? - help, Dir - look around, f - activate You feel a surge of power!
The walls around you are covered in ice.
The wall freezes the kobold brigand!
The kobold brigand hits you with a +0 short sword.
* * * LOW HITPOINT WARNING * * *
Casting: Frozen Ramparts (safe; 1% risk of failure)
Confirm with . or Enter, or press ? or * to list all spells.
You feel a surge of power! A film of ice covers your body!
The wall freezes the kobold brigand!
The kobold brigand hits you but does no damage.
The wall freezes the kobold brigand!
You kill the kobold brigand!
Sif Muna accepts your kill.
Okay, then.
You feel yourself speed up.
Casting: Ozocubu's Armour (safe; 1% risk of failure)
Confirm with . or Enter, or press ? or * to list all spells.
Casting: Hailstorm (dangerous; 4% risk of failure)
Press: ? - help, Dir - look around, f - activate You feel a surge of power!
A cannonade of hail descends around you!
The hail pelts the cyclops!!
The cyclops is heavily wounded.
You hear a shout!
Casting: Hailstorm (dangerous; 4% risk of failure)
Confirm with . or Enter, or press ? or * to list all spells.
Casting: Hailstorm (dangerous; 4% risk of failure)
Press: ? - help, Dir - look around, f - activate You feel a surge of power!
You miscast Hailstorm.
You are very lightly contaminated with residual magic.
Nothing appears to happen.
The wall freezes the cyclops.
The cyclops throws a large rock.
The large rock hits you!!
You die...

****** ##### *,,,,**** #<..#
*,,,,,,,, *** #...#
*,,,,,*** *,**** ###...#
*****,*** *,,,.#######.(...#
*,,,,,, **,*.......@.....###
*,,,,,,
*,*########)))....#**,,,,,,
*** *,* ##..C###.#....,,,,,,
,,**
*,***###........#####,,,,,,
,,,** *,,,*#...#......#*
*,,,,,,, ,,,,*
**#..C...........# *,,,,,,,
,,,,*
*#.....#.∩.#.....#**,****,,
,,,,***.........$......#*,,*
***
,,,,,,,...c....#..!......,**
*


You could see a cyclops.

Vanquished Creatures
  2 two-headed ogres (D:10)
  Joseph (D:8)
  Psyche (D:8)
  A kobold demonologist (D:11)
  A queen bee (D:9)
  Grinder (D:5)
  Sigmund (D:4)
  18 yaks
  Eustachio (D:6)
  A wraith (D:7)
  3 steam dragons
  Grum (D:8)
  A warg (D:9)
  A water moccasin (D:6)
  5 orc warriors
  Purgy (Sewer)
  2 necrophages
  3 ogres
  3 wolves
  3 centaurs
  2 kobold brigands (D:11)
  A bullfrog (D:9)
  A scorpion (D:5)
  2 wyvern zombies
  3 gnoll sergeants
  A water moccasin skeleton (D:5)
  19 killer bees (D:9)
  14 wights
  2 vampire bats (D:10)
  3 howler monkeys (D:10)
  5 crimson imps (D:8)
  3 centaur zombies
  A bullfrog zombie (D:5)
  5 hounds
  8 orc priests
  2 centaur skeletons
  Crazy Yiuf (D:6)
  A gnoll shaman (D:7)
  An iguana (D:4)
  11 orc wizards
  2 killer bee zombies
  20 gnolls
  6 adders
  4 shadow imps
  2 white imps
  4 worms
  56 orcs
  14 bats
  9 endoplasms
  2 giant cockroaches
  6 goblins
  3 hobgoblins
  5 jackals
  14 kobolds
  2 quokkas
  5 ball pythons
  3 frilled lizards
  A jackal skeleton (D:4)
  3 rats
298 creatures vanquished.

Vanquished Creatures (others)
  4 withered plants (D:8)
4 creatures vanquished.

Grand Total: 302 creatures vanquished

Notes
Turn   | Place    | Note
-------+----------+-------------------------------------------
     0 | D:1      | Glokmah the Draconian Ice Elementalist began the quest for
                  | the Orb.
     0 | D:1      | Reached XP level 1. HP: 14/14 MP: 3/3
   477 | D:1      | Reached XP level 2. HP: 22/22 MP: 3/5
   635 | D:1      | Reached skill level 1 in Fighting
  1002 | D:1      | Found Tapaa's Weapon Shoppe.
  1672 | D:2      | Reached XP level 3. HP: 28/28 MP: 2/6
  1677 | D:2      | Learned a level 3 spell: Frozen Ramparts
  1904 | D:2      | Found a faded altar of an unknown god.
  1934 | D:2      | Reached skill level 1 in Shields
  2590 | D:3      | Found a glowing drain.
  2606 | D:3      | Reached XP level 4. HP: 23/35 MP: 1/7
  2661 | Sewer    | Entered a sewer
  2787 | Sewer    | Noticed Purgy
  2791 | Sewer    | Killed Purgy
  2792 | Sewer    | Reached skill level 5 in Ice Magic
  2792 | Sewer    | Reached XP level 5. HP: 33/41 MP: 1/9
  2797 | Sewer    | Learned a level 3 spell: Ozocubu's Armour
  4088 | D:4      | Noticed a necrophage
  4102 | D:4      | Killed a necrophage
  4103 | D:4      | Reached XP level 6. HP: 50/50 MP: 1/10
  4180 | D:4      | Noticed Sigmund
  4187 | D:4      | Killed Sigmund
  4211 | D:4      | Reached skill level 6 in Ice Magic
  4325 | D:4      | Learned a level 4 spell: Hailstorm
  4443 | D:4      | Found a staircase to the Ecumenical Temple.
  4452 | D:4      | Your scales start taking on a glossy black colour.
  4452 | D:4      | Reached XP level 7. HP: 56/57 MP: 8/12
  4452 | D:4      | Gained mutation: You are resistant to electric shocks.
                  | (rElec) [Black Draconian growth]
  4458 | Temple   | Entered the Ecumenical Temple
  4465 | Temple   | Became a worshipper of Sif Muna the Loreminder
  5157 | D:5      | Entered Level 5 of the Dungeon
  5701 | D:5      | Reached skill level 1 in Conjurations
  6434 | D:6      | Noticed a steam dragon
  6503 | D:6      | Noticed Grinder
  6505 | D:6      | Reached XP level 8. HP: 57/66 MP: 1/13
  6630 | D:6      | Paralysed by Grinder for 4 turns
  6647 | D:5      | Killed Grinder
  6648 | D:5      | Reached skill level 5 in Shields
  6648 | D:5      | Reached skill level 7 in Ice Magic
  6878 | D:6      | Found a white marble altar of Elyvilon.
  7365 | D:6      | Found a runed translucent door.
  7366 | D:6      | Noticed Crazy Yiuf
  7373 | D:6      | Killed Crazy Yiuf
  7540 | D:6      | Noticed Eustachio
  7557 | D:6      | Killed Eustachio
  7724 | D:6      | HP: 3/67 [centaur/arrow (2)]
  8151 | D:6      | Reached XP level 9. HP: 48/72 MP: 4/15
  8465 | D:7      | Reached * piety under Sif Muna
  8576 | D:7      | Reached skill level 8 in Ice Magic
  8793 | D:7      | Reached skill level 5 in Fighting
  9149 | D:7      | Reached skill level 5 in Spellcasting
  9253 | D:7      | Found a snail-covered altar of Cheibriados.
  9585 | D:8      | Noticed Joseph
  9593 | D:8      | Killed Joseph
  9598 | D:8      | Noticed Grum
  9959 | D:8      | Reached skill level 9 in Ice Magic
 10318 | D:8      | Found a basalt altar of Yredelemnul.
 10318 | D:8      | Noticed Psyche
 10329 | D:8      | Reached ** piety under Sif Muna
 10700 | D:8      | Reached XP level 10. HP: 83/83 MP: 3/17
 10775 | D:8      | Killed Psyche
 10776 | D:8      | Reached skill level 1 in Invocations
 11000 | D:8      | Found a radiant altar of Vehumet.
 11214 | D:8      | Killed Grum
 11710 | D:8      | Reached *** piety under Sif Muna
 12659 | D:9      | Reached skill level 5 in Conjurations
 13306 | D:9      | Found a staircase to the Orcish Mines.
 13552 | D:9      | Reached **** piety under Sif Muna
 13558 | D:9      | Reached skill level 10 in Ice Magic
 15017 | D:10     | Entered Level 10 of the Dungeon
 15129 | D:10     | Reached XP level 11. HP: 91/91 MP: 9/18
 15158 | D:9      | Reached skill level 5 in Invocations
 15507 | D:10     | Noticed a two-headed ogre
 15525 | D:10     | Killed a two-headed ogre
 16184 | D:10     | Noticed a two-headed ogre
 16202 | D:10     | Killed a two-headed ogre
 16810 | D:11     | Found a frozen archway.
 16869 | D:11     | Hit by a large rock thrown by a cyclops

Illustrated notes

Levels and vault maps discovered:
D:1:      dpeg_arrival_oval, layout_basic, serial_shops, nicolae_shop_trees,
          minmay_split_cup_small
D:2:      layout_basic, hellmonk_ecumenical_altar_slurped_away
D:3:      cheibrodos_helix_gallery, layout_rooms, cheibrodos_sewer_entry_bend,
          skrybe_limestone_x
D:4:      layout_basic, minmay_temple_entry_proselytizer, uniq_sigmund
D:5:      layout_basic
D:6:      layout_cave_pools, kennysheep_mini, minivault_26, uniq_eustachio,
          uniq_grinder, uniq_crazy_yiuf_cottage
D:7:      layout_gridville, chei_slow_surprise
D:8:      layout_basic, yredelemnul_altar_generic,
          lemuel_coloured_pillars_altar, special_room [special_room_orc],
          minmay_nine_imps, uniq_grum, uniq_joseph, uniq_psyche
D:9:      layout_gridville, erik_orc_4, serial_co_window_serial,
          co_window_paths_b, co_window_corner_a, co_window_paths_b,
          co_window_cross_1, co_window_corner_a, co_window_of_opportunity_c,
          co_window_corner_b, co_window_corner_b, co_window_2corner,
          co_window_unsneaky_path_a, co_window_2corner, glass_columns_a,
          glass_columns_a, glass_columns_a, glass_columns_b, glass_columns_a,
          special_room [special_room_bee]
D:10:     layout_grid_maze, roderic_batcave
D:11:     layout_rooms, grunt_lair_entry_orc_guard_hut,
          portal_ice_cave_entry_pillars_1, chequers_serial_rivers_small_3,
          corexii_leaking_fountain, uniq_nergalle
Temple:   hc_temple_tempest_star

Skill      XL: |  1  2  3  4  5  6  7  8  9 10 11 |
---------------+----------------------------------+-----
Fighting       | 1 2 3 4 5 6 7 |  7.3
Shields        | 1 2 3 4 6 7 9 |  9.7
Ice Magic      | 5 6 7 9 10 | 10.7
Spellcasting   | 3 4 5 |  5.0
Conjurations   | 1 3 4 5 6 |  6.0
Invocations    | 4 6 |  6.3
Stealth        | 3 |  3.0
Dodging        | |  1.7

Action                   |  1- 3 |  4- 6 |  7- 9 | 10-12 || total
-------------------------+-------+-------+-------+-------++-------
Melee: Dagger            |    24 |    10 |       |       ||    34
       Tailslap          |       |     4 |    17 |    12 ||    33
       Spear             |       |    22 |    99 |    49 ||   170
       Staff             |       |     6 |     6 |     7 ||    19
       Trident           |       |       |     8 |    18 ||    26
 Cast: Freeze            |    52 |    25 |    70 |    91 ||   238
       Frozen Ramparts   |     2 |    12 |    37 |    38 ||    89
       Ozocubu's Armour  |       |     5 |    16 |    16 ||    37
       Hailstorm         |       |       |    27 |    33 ||    60
 Abil: Breathe Lightning |       |       |     9 |     2 ||    11
Evoke: Wand              |       |       |     2 |       ||     2
  Use: Scroll            |     5 |       |    11 |     3 ||    19
       Potion            |       |       |     2 |       ||     2
 Stab: Sleeping          |     1 |       |       |       ||     1
       Paralysed         |       |       |     8 |       ||     8
Armor: Skin              |    21 |    26 |   124 |    95 ||   266
Dodge: Dodged            |    37 |    43 |   170 |   130 ||   380

Table legend: (Time is in decaauts)
 A = Elapsed time spent in this place.
 B = Non-inter-level travel time spent in this place.
 C = Inter-level travel time spent in this place.
 D = Time resting spent in this place.
 E = Time spent auto-exploring this place.
 F = Levels seen in this place.
 G = Mean time per level.
                   A        B        C        D        E       F      G
               +--------+--------+--------+--------+--------+-----+--------+
         Total |  16920 |  16003 |    917 |   4620 |   8350 |  13 | 1301.5 |
       Dungeon |  16577 |  15660 |    917 |   4471 |   8350 |  11 | 1507.0 |
        Temple |     14 |     14 |      0 |      0 |      0 |   1 |   14.0 |
         Sewer |    327 |    327 |      0 |    149 |      0 |   1 |  327.0 |
               +--------+--------+--------+--------+--------+-----+--------+

Top non-repeatable levels by time:
     D:9: 2804 daAuts
     D:8: 2442 daAuts
     D:5: 1767 daAuts
    D:10: 1624 daAuts
     D:7: 1515 daAuts
     D:2: 1461 daAuts
     D:6: 1426 daAuts
     D:1: 1288 daAuts
     D:4: 1216 daAuts
     D:3: 956 daAuts
   Sewer: 327 daAuts
    D:11: 73 daAuts
  Temple: 14 daAuts
